 Dungeon Crawl Stone Soup version 0.18.1-50-g88ac8fd (webtiles) character file.

38 Nordron the Stinger (level 3, -2/21 HPs)
             Began as an Octopode Venom Mage on Sept 22, 2016.
             Slain by an adder (5 damage)
             ... on level 2 of the Dungeon.
             The game lasted 00:08:34 (1058 turns).

Nordron the Stinger (Octopode Venom Mage)           Turns: 1058, Time: 00:08:34

Health: -2/21      AC:  1    Str:  7    XL:     3   Next: 43%
Magic:  2/6        EV: 12    Int: 18    God:
Gold:   38         SH:  0    Dex: 12    Spells: 2 memorised, 2 levels left

rFire  . . .     SeeInvis .     e - +0 whip
rCold  . . .     Gourm    .     (no shield)
rNeg   . . .     Faith    .     (helmet restricted)
rPois  .         Spirit   .     (no amulet)
rElec  .         Dismiss  .     (no ring)
rCorr  .         Reflect  .     (no ring)
SustAt .         Harm     .     (no ring)
MR     .....                    (no ring)
Stlth  +++.......               (no ring)
                                (no ring)
                                (no ring)
                                (no ring)

@: lethally poisoned (-2 -> -5), not resistant to hostile enchantments, fairly
stealthy
A: almost no armour, amphibious, 8 rings, constrict 8, camouflage 1, gelatinous
body 1
a: no special abilities


You were on level 2 of the Dungeon.
You were not hungry.

You visited 1 branch of the dungeon, and saw 2 of its levels.

You collected 38 gold pieces.

Inventory:

Hand Weapons
 e - a +0 whip (weapon)
Scrolls
 d - a scroll of recharging {unknown}
 f - a scroll of magic mapping {unknown}
 h - 2 scrolls of identify {unknown}
 l - a scroll of blinking {unknown}
 m - a scroll of remove curse {unknown}
 n - a scroll of teleportation {unknown}
Potions
 g - a potion of cancellation
 i - a potion of berserk rage {unknown}
 k - 3 potions of might {unknown}
Books
 a - a Young Poisoner's Handbook

   Spells                             Type                      Level
   a - Sting                          Conjuration/Poison           1
   b - Cure Poison                    Poison                       2
   c - Mephitic Cloud                 Conjuration/Poison/Air       3
   d - Olgreb's Toxic Radiance        Poison                       4
   e - Venom Bolt                     Conjuration/Poison           5
Comestibles
 b - 2 bread rations
 c - 5 chunks of flesh
 j - 4 fruits


   Skills:
 + Level 2.1 Dodging
 + Level 3.4 Stealth
 + Level 2.3 Spellcasting
 + Level 0.8 Conjurations
 + Level 5.3 Poison Magic


You had 2 spell levels left.
You knew the following spells:

 Your Spells              Type           Power        Failure   Level  Hunger
a - Sting                 Conj/Pois      ##..         6%          1    #......
b - Mephitic Cloud        Conj/Pois/Air  #.......     24%         3    ###....


Dungeon Overview and Level Annotations

Branches:
Dungeon (2/15)

Altars:
Okawaru


Innate Abilities, Weirdness & Mutations

You cannot wear most types of armour.
You are amphibious.
You can wear up to eight rings at the same time.
You can use your tentacles to constrict eight enemies at once.
Your skin changes colour to match your surroundings (Stealth).
Your rubbery body absorbs attacks (AC +1).


Message History

The jackal is lightly wounded.
The adder barely misses you.
Casting: Sting
Confirm with . or Enter, or press ? or * to list all spells.
Aiming: Sting
Press: ? - help, Shift-Dir - straight line, f/p - adder
Aim: an adder (heavily wounded)
The sting misses the adder.
The sting hits the jackal.
The jackal looks even sicker.
The jackal is severely wounded.
The adder barely misses you.
You hit the adder. Your grab misses the adder.
The adder is severely wounded.
You kill the jackal!
The adder misses you. The adder bites you.
* * * LOW HITPOINT WARNING * * *
Drink which item? (? for menu, Esc to quit)
It was a potion of cancellation.
You feel magically purged.
You feel sick. The adder bites you.
You die...

.## #%# .#
##.#########
.#
#..........#
.#
#..#######.#
.#
#..........#
.#
#.########.#
.######.# #.#
........# #.#
######### #@#
######S###.#
#.....†....#
#.####........
#.####### #.#
#.# #.# #r#


You could see an adder.

Vanquished Creatures
  A worm (D:2)
  A dart slug (D:1)
  2 giant geckos (D:1)
  A ball python (D:2)
  4 bats
  A giant cockroach (D:2)
  4 goblins (D:1)
  A jackal (D:2)
  8 kobolds
  2 giant newts (D:1)
  5 rats
  A plant (D:1)
31 creatures vanquished.

Notes
Turn   | Place    | Note
--------------------------------------------------------------
     0 | D:1      | Nordron the Octopode Venom Mage began the quest for the Orb.
     0 | D:1      | Reached XP level 1. HP: 11/11 MP: 3/3
    70 | D:1      | Reached skill level 5 in Poison Magic
    70 | D:1      | Reached XP level 2. HP: 9/17 MP: 0/5
   486 | D:1      | Reached XP level 3. HP: 21/21 MP: 1/6
   491 | D:1      | Learned a level 3 spell: Mephitic Cloud
   921 | D:2      | Found an iron altar of Okawaru.
  1058 | D:2      | Slain by an adder

Skill      XL: |  1  2 |
---------------+-------+-----
Poison Magic   | 5 |  5.3
Stealth        | 3 |  3.4
Dodging        | |  2.1
Spellcasting   | |  2.3
Conjurations   | |  0.8

Action                   || total
-------------------------++-------
Melee: Unarmed           ||    11
       Constrict         ||     9
       Whip              ||    54
       Tentacles         ||     4
 Cast: Sting             ||    32
  Use: Potion            ||     1
 Stab: Sleeping          ||     2
  Eat: Chunk             ||     1
Armor: Skin              ||     8
Dodge: Dodged            ||    23
